 Dungeon Crawl Stone Soup version 0.30-a0-857-gcaf70739d4 (webtiles) character file.

Game seed: 11635868708317176059

269 FallingFreak the Grasshopper (level 6, -2/50 HPs)
             Began as a Ghoul Warper on Mar 5, 2023.
             Killed by divine providence
             ... invoked by an orc priest
              (15 damage)
             ... on level 5 of the Dungeon.
             The game lasted 00:21:03 (4003 turns).

FallingFreak the Grasshopper (Ghoul Warper)         Turns: 4003, Time: 00:21:04

Health: -2/50      AC:  4    Str: 15    XL:     6   Next: 22%
Magic:  9/9        EV: 26    Int: 10    God:
Gold:   255        SH:  0    Dex:  8    Spells: 6/10 levels left

rFire   + . .      SeeInvis .    z - +0 flail
rCold   + . .      Faith    .    (no shield)
rNeg    + + +      Spirit   .    q - +1 robe {rN+}
rPois   ∞          Reflect  .    (no helmet)
rElec   .          Rampage  .    n - +0 cloak
rCorr   .                        (no gloves)
Will    .....                    (no boots)
Stlth   +                        y - amulet of the acrobat {@P7}
HPRegen 0.00/turn                B - ring of protection from fire
MPRegen 0.11/turn                (no ring)

@: acrobatic, inhibited regen
A: claws 1, cold resistance 1, negative energy resistance 3, inhibited
regeneration, torment resistance 2, devour on kill
a: no special abilities


You were on level 5 of the Dungeon.
You visited 1 branch of the dungeon, and saw 5 of its levels.

You collected 255 gold pieces.

Inventory:

Hand Weapons
 a - a +0 mace
 z - a +0 flail (weapon)
Missiles
 d - 7 boomerangs of dispersal {!f}
 k - 6 boomerangs
 l - 30 stones
 v - 19 poisoned darts (quivered)
Armour
 b - a +0 leather armour
 n - a +0 cloak (worn)
 q - a +1 robe of positive energy (worn)
 t - a +0 ring mail
Magical Staves
 r - a staff of cold {@w1!a}
Jewellery
 y - an amulet of the acrobat (around neck) {@P7}
 B - a ring of protection from fire (left claw)
Scrolls
 c - 2 scrolls of fog {unknown}
 e - 3 scrolls of identify {unknown}
 f - a scroll of blinking
 g - 2 scrolls of enchant weapon {unknown}
 h - 3 scrolls of teleportation {unknown}
 m - a scroll of noise {unknown}
 p - a scroll of fear {unknown}
 s - a scroll of acquirement {unknown}
 w - a scroll of brand weapon {unknown}
 C - a scroll of silence {unknown}
Potions
 i - a potion of lignification {unknown}
 j - a potion of flight {unknown}
 o - a potion of brilliance {unknown}
 u - a potion of magic {unknown}
 x - 3 potions of attraction {unknown}
 A - a potion of heal wounds {unknown}


   Skills:
 - Level 2.9 Fighting
 + Level 3.1 Maces & Flails
 - Level 0.8 Throwing
 + Level 2.6 Armour
 - Level 1.7 Dodging
 + Level 2.9 Spellcasting
 + Level 3.7 Translocations


You had 6 spell levels left.
You knew the following spells:

 Your Spells              Type           Power      Damage    Failure   Level
c - Blink                 Tloc           18%        N/A       9%          2
Z - Lesser Beckoning      Tloc           18%        N/A       9%          2

Your spell library contained the following spells:

 Spells                   Type           Power      Damage    Failure   Level
 Teleport Other           Tloc           9%         N/A       19%         3
 Vhi's Electric Charge    Tloc/Air       10%        N/A       36%         3
 Manifold Assault         Tloc           9%         N/A       52%         4
 Ozocubu's Armour         Ice            1%         N/A       65%         3
 Ozocubu's Refrigeration  Ice            0%         4d7       100%        7


Dungeon Overview and Level Annotations

Branches:
Dungeon (5/15) Zot: 25914
 Temple: D:4-7

Altars:
Nemelex Xobeh
Trog
Uskayaw

Annotations:
D:2 Sigmund
D:3 2 transporters, Pokonic1's ghost, amateur DsFi


Innate Abilities, Weirdness & Mutations

You are immune to poison.
You have sharp fingernails.
Your flesh is cold resistant. (rC+)
You are immune to negative energy. (rN+++)
You do not regenerate when monsters are visible.
You are immune to unholy pain and torment.
You thrive by killing the living.


Message History

The orc priest shouts!
The gnoll looks more healthy.
An orc wizard comes into view. It is wielding a +0 dagger.
The orc wizard shouts!
You hear a shout!
The orc wizard casts a spell at you.
You are confused.
The orc priest looks satisfied for a moment.
An orc wizard comes into view. It is wielding a +0 dagger.
The orc wizard mumbles some strange words.
The orc wizard flickers and vanishes!
Deactivating autopickup; reactivate with Ctrl-A.
The gnoll completely misses you.
An orc comes into view. It is wielding a +2 whip of draining.
The gnoll closely misses you. The gnoll hits you but does no damage.
You bump into the rock wall.
The gnoll closely misses you. The gnoll hits you with a +0 spear.
The orc priest begins to cast a cantrip, but forgets the words!
The orc wizard gestures wildly while chanting.
The orc wizard flickers and vanishes!
You bump into the rock wall.
The gnoll barely misses you. The gnoll hits you with a +0 spear.
You feel less confused. The gnoll hits you with a +0 spear.
The gnoll completely misses you.
Okay, then.
A puff of flame appears from out of thin air!
The puff of flame hits something!
Something hits you. The gnoll barely misses you.
The orc priest attacks as you move away!
The orc priest completely misses you.
The orc priest invokes the aid of Beogh against you.
Beogh smites you!
* * * LOW HITPOINT WARNING * * *
Something hits you but does no damage.
The orc priest mumbles some strange prayers to Beogh against you.
Beogh smites you!
* * * LOW HITPOINT WARNING * * *
Something closely misses you.
The orc priest invokes the aid of Beogh against you.
Beogh smites you!
You die...

#.........................
#.....>@..#########......
#......#### ##.....
#.......### ###......
###.......### ###........
##oo.#.....###....####..
#.##..gg####......#### ..
#.......#######..## .
..........# #..# .
.#...##.g.# #..# .....
#...# #..# ....#.##..##
#..## .....#.#...# #....
..........w####...
....#..#.....#..##
......####..#...# . #
....###......##


You could see an orc priest, 2 gnolls and an orc.

Vanquished Creatures
  A kobold brigand (D:3)
  A hound (D:5)
  An orc priest (D:4)
  An orc wizard (D:4)
  3 adders
  A worm (D:2)
  5 dart slugs
  6 orcs
  3 endoplasms
  3 giant cockroaches
  5 goblins
  7 hobgoblins
  2 jackals (D:1)
  8 kobolds
  4 quokkas
  4 ball pythons
  3 bats
  4 frilled lizards
  11 rats
73 creatures vanquished.

Notes
Turn   | Place    | Note
-------+----------+-------------------------------------------
     0 | D:1      | FallingFreak the Ghoul Warper began the quest for the Orb.
     0 | D:1      | Reached XP level 1. HP: 17/17 MP: 2/2
    20 | D:1      | Reached skill level 1 in Armour
   341 | D:1      | Reached XP level 2. HP: 23/25 MP: 3/3
   462 | D:1      | Learned a level 2 spell: Blink
   465 | D:1      | Learned a level 2 spell: Lesser Beckoning
   793 | D:1      | Increase (s)trength, (i)ntelligence, or (d)exterity?
   793 | D:1      | Reached XP level 3. HP: 30/30 MP: 5/5
  1337 | D:2      | Reached XP level 4. HP: 23/37 MP: 6/6
  1706 | D:2      | Noticed Sigmund
  1808 | D:3      | Found a transporter.
  1808 | D:3      | Noticed Pokonic1's ghost (amateur DsFi)
  1810 | D:3      | Found a transporter.
  2393 | D:4      | Noticed a kobold brigand
  2408 | D:3      | Killed a kobold brigand
  2409 | D:3      | Reached XP level 5. HP: 18/44 MP: 7/7
  2676 | D:4      | Found a sparkling altar of Nemelex Xobeh.
  2676 | D:4      | Found a bloodstained altar of Trog.
  3222 | D:4      | Reached XP level 6. HP: 42/50 MP: 9/9
  3710 | D:5      | Entered Level 5 of the Dungeon
  3969 | D:5      | Found a hide-covered altar of Uskayaw.
  4003 | D:5      | Killed from afar by an orc priest

Illustrated notes

Levels and vault maps discovered:
D:1:      noname_arrival_rooms_in_the_neighbourhood, layout_rooms,
          amcnicky_mini_corridor_feature
D:2:      layout_basic, uniq_sigmund
D:3:      layout_rooms, gammafunk_ghost_mausoleum,
          corexii_item_surrounded_by_moat, minmay_misc_feat_plants
D:4:      layout_basic, jmf_multi_god_temple
D:5:      layout_layer_cave, kennysheep_mini, hangedman_glass_teeth

Skill      XL: |  1  2  3  4  5 |
---------------+----------------+-----
Armour         | 1 2 |  2.6
Maces & Flails | 2 3 |  3.1
Spellcasting   | 2 |  2.9
Translocations | 3 |  3.7
Fighting       | |  2.9
Throwing       | |  0.8
Dodging        | |  1.7

Action                     |  1- 3 |  4- 6 || total
---------------------------+-------+-------++-------
  Melee: Mace              |   125 |    87 ||   212
         Punch             |     2 |     1 ||     3
         Flail             |       |    61 ||    61
  Throw: Boomerang         |     6 |    14 ||    20
         Dart              |       |     9 ||     9
 Armour: Leather armour    |    42 |     4 ||    46
         Robe              |       |    44 ||    44
  Dodge: Dodged            |    75 |    84 ||   159

Table legend: (Time is in decaauts)
 A = Elapsed time spent in this place.
 B = Non-inter-level travel time spent in this place.
 C = Inter-level travel time spent in this place.
 D = Time resting spent in this place.
 E = Time spent auto-exploring this place.
 F = Levels seen in this place.
 G = Mean time per level.
                   A        B        C        D        E       F      G
               +--------+--------+--------+--------+--------+-----+--------+
         Total |   4084 |   3982 |    102 |   1186 |   1938 |   5 |  816.8 |
       Dungeon |   4084 |   3982 |    102 |   1186 |   1938 |   5 |  816.8 |
               +--------+--------+--------+--------+--------+-----+--------+

Top non-repeatable levels by time:
     D:1: 1246 daAuts
     D:4: 1219 daAuts
     D:3: 700 daAuts
     D:2: 622 daAuts
     D:5: 296 daAuts
